[ AOE2 MATCH · #504927884 ]
UnrankedChinese vs Persians
Player's team · WIN
Rival team · LOSS
[ REPLAY ANALYSIS · EXTRACTED FROM THE RECORDED GAME ]
Feudal
—
Castle
—
Imperial
—
| APM avg | 51.0 |
| APM peak | 80 |
| eAPM avg | 22.6 |
| Villagers / military | 21 / 0 |
Focus
⚔️ 32.4% · 🌾 67.6%
Feudal
—
Castle
—
Imperial
—
| APM avg | 64.7 |
| APM peak | 95 |
| eAPM avg | 21.2 |
| Villagers / military | 19 / 0 |
Focus
⚔️ 41.2% · 🌾 58.8%
Match map
Initial resources + every placement click. Lines = walls · curves = elevation contours. ◆ gold · ⬟ stone · ● berries · ✦ relic · ◌ wall gap
Your base
2099's base
Smoothed initial terrain · ◌ = detected wall gap · hover for details
Inputs per minute
— SneakySalmon - - 2099
Build order — SneakySalmon
41 actions detected in the replay
| 0:01 | Research | Loom |
| 0:56 | Queue | Villager (Male) |
| 0:56 | Queue | Villager (Male) |
| 1:22 | Queue | Villager (Male) |
| 1:22 | Queue | Villager (Male) |
| 1:42 | Queue | Villager (Male) |
| 1:42 | Queue | Villager (Male) |
| 2:08 | Build | Lumber Camp |
| 2:11 | Queue | Villager (Male) |
| 2:26 | Queue | Villager (Male) |
| 2:56 | Build | House |
| 3:03 | Queue | Villager (Male) |
| 3:40 | Queue | Villager (Male) |
| 4:07 | Queue | Villager (Male) |
| 4:08 | Queue | Villager (Male) |
| 4:22 | Build | Mill |
| 4:36 | Queue | Villager (Male) |
| 4:57 | Build | Palisade Wall |
| 5:04 | Build | House |
| 5:13 | Queue | Villager (Male) |
| 5:22 | Build | Palisade Wall |
| 5:34 | Queue | Villager (Male) |
| 5:48 | Queue | Villager (Male) |
| 5:48 | Queue | Villager (Male) |
| 6:39 | Queue | Villager (Male) |
| 7:01 | Queue | Villager (Male) |
| 7:09 | Build | Barracks |
| 7:33 | Queue | Villager (Male) |
| 7:54 | Build | Palisade Wall |
| 7:56 | Build | Palisade Wall |
| 8:07 | Build | Palisade Wall |
| 8:10 | Build | Palisade Wall |
| 8:14 | Research | Feudal Age |
| 8:14 | Research | Feudal Age |
| 8:14 | Research | Feudal Age |
| 8:27 | Build | Palisade Wall |
| 8:37 | Build | Mining Camp |
| 8:46 | Build | House |
| 8:49 | Build | House |
| 9:00 | Queue | Villager (Male) |
| 9:20 | Build | House |
Build order — 2099
31 actions detected in the replay
| 0:01 | Queue | Villager (Male) |
| 0:01 | Queue | Villager (Male) |
| 0:02 | Build | House |
| 0:03 | Build | House |
| 0:08 | Queue | Villager (Male) |
| 0:08 | Queue | Villager (Male) |
| 0:08 | Queue | Villager (Male) |
| 1:21 | Queue | Villager (Male) |
| 1:41 | Queue | Villager (Male) |
| 2:05 | Build | Lumber Camp |
| 2:10 | Queue | Villager (Male) |
| 2:27 | Queue | Villager (Male) |
| 2:44 | Queue | Villager (Male) |
| 2:50 | Build | House |
| 3:12 | Queue | Villager (Male) |
| 3:41 | Queue | Villager (Male) |
| 3:59 | Queue | Villager (Male) |
| 4:27 | Queue | Villager (Male) |
| 4:43 | Queue | Villager (Male) |
| 5:17 | Queue | Villager (Male) |
| 5:28 | Queue | Villager (Male) |
| 5:35 | Build | House |
| 5:36 | Queue | Villager (Male) |
| 6:05 | Build | Palisade Wall |
| 6:44 | Research | Loom |
| 6:50 | Queue | Villager (Male) |
| 6:57 | Build | Palisade Wall |
| 7:49 | Build | Palisade Wall |
| 7:51 | Build | Palisade Wall |
| 8:16 | Build | Mill |
| 9:32 | Build | Town Center |
Match timeline
| 4:57 | SneakySalmon · wall_segment Palisade Wall x8 |
| 5:22 | SneakySalmon · wall_segment Palisade Wall x6 |
| 6:05 | 2099 · wall_segment Palisade Wall x1 |
| 6:57 | 2099 · wall_segment Palisade Wall x11 |
| 7:09 | SneakySalmon · first_building Barracks |
| 7:49 | 2099 · wall_segment Palisade Wall x1 |
| 7:51 | 2099 · wall_segment Palisade Wall x1 |
| 7:54 | SneakySalmon · wall_segment Palisade Wall x1 |
| 7:56 | SneakySalmon · wall_segment Palisade Wall x1 |
| 8:07 | SneakySalmon · wall_segment Palisade Wall x1 |
| 8:10 | SneakySalmon · wall_segment Palisade Wall x1 |
| 8:27 | SneakySalmon · wall_segment Palisade Wall x1 |
| 9:43 | 2099 · resign |
[ AI ANALYSIS · 1 CREDIT ]
What really happened in this match?
Wolo.gg analyzes every decision: build order, eco, micro, common mistakes by bracket. Personalized analysis on WhatsApp or Discord in 30 seconds.
Civ guide
Chinese
Perfil
Jugador #1790613